 Dungeon Crawl Stone Soup version 0.28-a0-535-g6f645e4c1d (webtiles) character file.

Game seed: 1584821884554149981

229 BuzzyBeetle the Insei (level 5, -2/41 HPs)
             Began as a Draconian Transmuter on Sept 27, 2021.
             Slain by an ogre (24 damage)
             ... on level 3 of the Dungeon.
             The game lasted 00:18:35 (2796 turns).

BuzzyBeetle the Insei (Draconian Transmuter)        Turns: 2796, Time: 00:18:35

Health: -2/41      AC:  5    Str: 12    XL:     5   Next: 71%
Magic:  9/9        EV: 12    Int: 14    God:
Gold:   112        SH:  0    Dex: 12    Spells: 6/10 levels left

rFire   . . .      SeeInvis .   h - +2 short sword (elec)
rCold   . . .      Faith    .   (no shield)
rNeg    . . .      Spirit   .   (armour unavailable)
rPois   .          Reflect  .   (helmet currently unavailable)
rElec   .          Harm     .   (no cloak)
rCorr   .          Rampage  .   (no gloves)
Will    .....                   (boots currently unavailable)
Stlth   +.........              c - amulet of the acrobat
HPRegen 0.13/turn               (no ring)
MPRegen 0.11/turn               (no ring)

@: appendages (expiring)
A: horns 2, talons 2, AC +5, unfitting armour, cold-blooded
a: End Transformation


You were on level 3 of the Dungeon.
You had temporarily grown beastly horns and talons.
You visited 1 branch of the dungeon, and saw 4 of its levels.

You collected 112 gold pieces.

Inventory:

Hand Weapons
 h - a +2 short sword of electrocution (weapon)
 m - a +0 whip of freezing
Missiles
 d - 23 arrows
 g - 5 datura-tipped darts
 i - 134 stones
 p - 2 boomerangs
Jewellery
 c - an amulet of the acrobat (around neck)
Scrolls
 a - 2 scrolls of amnesia {unknown}
 b - a scroll of immolation {unknown}
 f - a scroll of fear {unknown}
 k - 2 scrolls of teleportation {unknown}
 l - a scroll of noise {unknown}
 n - a scroll of identify {unknown}
 r - a scroll of enchant armour {unknown}
Potions
 e - a potion of cancellation {unknown}
 j - a potion of curing
 o - a potion of flight {unknown}
 q - 3 potions of heal wounds {unknown}
 s - a potion of brilliance {unknown}


   Skills:
 + Level 2.1 Fighting
 + Level 1.9 Short Blades
 + Level 0.5 Axes
 + Level 2.4 Dodging
 + Level 0.6 Stealth
 + Level 3.6 Unarmed Combat
 + Level 3.1 Spellcasting
 + Level 3.2 Transmutations


You had 6 spell levels left.
You knew the following spells:

 Your Spells              Type           Power      Damage    Failure   Level
a - Beastly Appendage     Tmut           22%        N/A       5%          1
b - Spider Form           Tmut/Pois      3%         N/A       32%         3

Your spell library contained the following spells:

 Spells                   Type           Power      Damage    Failure   Level
 Wereblood                Tmut           11%        N/A       9%          2
 Stone Arrow              Conj/Erth      4%         3d7       54%         3
 Ice Form                 Ice/Tmut       6%         N/A       73%         4
 Lehudib's Crystal Spear  Conj/Erth      1%         10d2      100%        8
 Animate Armour           Summ/Erth      Unusable   N/A       N/A         4

Dungeon Overview and Level Annotations

Branches:
Dungeon (4/15)
 Temple: D:4-7

Altars:
Ru

Annotations:
D:4 Menkaure


Innate Abilities, Weirdness & Mutations

You have temporarily grown beastly horns and talons.
Your plain brown scales are hard. (AC +5)
You cannot fit into any form of body armour.
You are cold-blooded and may be slowed by cold attacks.


Message History

The ogre is moderately wounded.
The ogre misses you.
You hit the ogre. Lightning courses through the ogre!!
You kill the ogre!
Your transformation is almost over.
Your Fighting skill increases to level 2!
Your Spellcasting skill increases to level 3!
Your Transmutations skill increases to level 3!
Things that are here:
a +0 giant club; an ogre corpse
a - 2 scrolls labelled CEFIGI FIEDET (gained 1)
You see here a +0 falchion.
Things that are here:
a +0 giant club; an ogre corpse
There is a stone staircase leading down here.
Your horns disappear.
Your talons disappear.
You climb downwards.
Level annotation: Menkaure
There is a stone staircase leading up here.
Casting: Beastly Appendage (safe; 5% risk of failure)
Confirm with . or Enter, or press ? or * to list all spells.
You grow a pair of large bovine horns.
Your feet morph into talons.
You completely miss the ogre. The ogre closely misses you.
You completely miss the ogre. You claw the ogre. Your headbutt misses the ogre.
The ogre is moderately wounded.
The ogre barely misses you.
You hit the ogre but do no damage. You claw the ogre.
The ogre is heavily wounded.
The ogre hits you with a +0 giant spiked club!!
You hit the ogre. You claw the ogre. You headbutt the ogre.
The ogre is severely wounded.
The ogre barely misses you.
You climb upwards.
There is a stone staircase leading down here.
You barely miss the ogre.
The ogre is severely wounded.
Your transformation is almost over.
The ogre hits you with a +0 giant spiked club!!
Ouch! That really hurt!
You die...

#.# #####.########.## ### #.#
#.........# ##.## ##'##
#.........###...## ##...##
#..##.###.##.....# ##.....##
#..##.###.##.....## ##.......##
#...#..##.##......##
#.........###.........###......##
'.....<...'......................
#.........###..O@#.##.#####....##
.#.......## #...))....# ###..#
........## ###.##..### ##.#
..##...########.##..# #.#
..###'##......(.#...# #.# ..#
#.##.######.#.#.# #.# ### #.##.#
#.....# #.# #####.##.#### #.#.###
#.## .......)....# #.#.# #...


You could see an ogre.

Vanquished Creatures
  An ogre (D:3)
  An iguana (D:3)
  5 adders
  An adder skeleton (D:3)
  5 dart slugs
  An orc (D:3)
  4 ball pythons
  4 bats (D:3)
  6 endoplasms
  4 giant cockroaches
  5 goblins
  5 hobgoblins
  6 jackals
  5 kobolds
  2 quokkas
  A quokka zombie (D:3)
  3 rats
59 creatures vanquished.

Notes
Turn   | Place    | Note
-------+----------+-------------------------------------------
     0 | D:1      | BuzzyBeetle the Draconian Transmuter began the quest for
                  | the Orb.
     0 | D:1      | Reached XP level 1. HP: 16/16 MP: 3/3
   148 | D:1      | Reached XP level 2. HP: 19/23 MP: 3/5
   170 | D:1      | You fall into a shaft and drop 1 floor!
   446 | D:2      | Reached XP level 3. HP: 12/28 MP: 4/6
   854 | D:2      | Learned a level 3 spell: Spider Form
  1114 | D:3      | Found a sacrificial altar of Ru.
  1287 | D:3      | Reached XP level 4. HP: 34/36 MP: 5/7
  1320 | D:3      | Reached skill level 1 in Short Blades
  2411 | D:4      | Reached XP level 5. HP: 33/41 MP: 7/9
  2424 | D:4      | Noticed an ogre
  2760 | D:4      | Noticed an ogre
  2771 | D:4      | Noticed Menkaure
  2779 | D:3      | Killed an ogre
  2796 | D:3      | Slain by an ogre

Illustrated notes

Levels and vault maps discovered:
D:1:      ebering_hopf_link, layout_basic, bh_walls_and_bars
D:2:      layout_rooms
D:3:      layout_loops_corners, lemuel_doored_altar, minmay_joined_circles
D:4:      layout_basic, nicolae_overflow_hidden_temple, kennysheep_mini,
          minmay_temple_entry_poolview, grunt_decor_junction, minmay_between,
          uniq_edmund, uniq_menkaure

Skill      XL: |  1  2  3  4  5 |
---------------+----------------+-----
Dodging        | 2 |  2.4
Short Blades   | 1 |  1.9
Fighting       | 2 |  2.1
Spellcasting   | 3 |  3.1
Transmutations | 3 |  3.2
Axes           | |  0.5
Stealth        | |  0.6
Unarmed Combat | |  3.6

Action                   |  1- 3 |  4- 6 || total
-------------------------+-------+-------++-------
Melee: Hand axe          |    42 |       ||    42
       Headbutt          |     5 |     6 ||    11
       Kick              |    11 |    20 ||    31
       Tailslap          |     7 |     2 ||     9
       Unarmed           |     1 |     4 ||     5
       Punch             |     1 |       ||     1
       Short sword       |    33 |    70 ||   103
 Cast: Beastly Appendage |    15 |    12 ||    27
       Spider Form       |       |     1 ||     1
  Use: Potion            |       |     1 ||     1
 Stab: Sleeping          |       |     1 ||     1
Armor: Skin              |    28 |    13 ||    41
Dodge: Dodged            |    47 |    43 ||    90

Table legend: (Time is in decaauts)
 A = Elapsed time spent in this place.
 B = Non-inter-level travel time spent in this place.
 C = Inter-level travel time spent in this place.
 D = Time resting spent in this place.
 E = Time spent auto-exploring this place.
 F = Levels seen in this place.
 G = Mean time per level.
                   A        B        C        D        E       F      G
               +--------+--------+--------+--------+--------+-----+--------+
         Total |   2819 |   2819 |      0 |      0 |      0 |   4 |  704.8 |
       Dungeon |   2819 |   2819 |      0 |      0 |      0 |   4 |  704.8 |
               +--------+--------+--------+--------+--------+-----+--------+

Top non-repeatable levels by time:
     D:3: 1349 daAuts
     D:2: 915 daAuts
     D:4: 380 daAuts
     D:1: 175 daAuts
